 Dungeon Crawl Stone Soup version 0.26-a0-665-gefeb406119 (console) character file.

Game seed: 2818962180892548379

1269 om the Skirmisher (level 8, 0/73 (74) HPs)
             Began as a Minotaur Fighter on Oct 13, 2020.
             Was an Initiate of Gozag.
             Slain by a bullfrog (5 damage)
             ... on level 6 of the Dungeon.
             The game lasted 00:09:08 (6166 turns).

om the Skirmisher (Minotaur Fighter)                Turns: 6166, Time: 00:09:09

HP:   0/73 (74)     AC:  7    Str: 23    XL:     8   Next: 28%
MP:   7/7           EV:  9    Int:  5    God:    Gozag
Gold: 257           SH:  9    Dex: 10    Spells: 7/7 levels left

rFire    . . .     SeeInvis .   a - +0 war axe
rCold    + . .     Faith    .   c - +0 kite shield
rNeg     . . .     Spirit   .   b - +0 scale mail
rPois    .         Reflect  .   (helmet restricted)
rElec    .         Harm     .   (no cloak)
rCorr    .         Rampage  .   (no gloves)
MR       .....                  (no boots)
Stlth    ..........             y - amulet of regeneration
HPRegen  0.62/turn              p - ring of protection from cold
MPRegen  0.10/turn              (no ring)

@: mesmerised, drained
A: retaliatory headbutt, horns 2
a: Potion Petition, Call Merchant, Bribe Branch, Renounce Religion


You were on level 6 of the Dungeon.
You worshipped Gozag.
Gozag was aware of your devotion.
You visited 2 branches of the dungeon, and saw 7 of its levels.

You collected 462 gold pieces.
You spent 104 gold pieces at shops.
You paid 101 gold pieces to Gozag.

Inventory:

Hand Weapons
 a - a +0 war axe (weapon)
 v - a +2 hand axe of electrocution
Armour
 b - a +0 scale mail (worn)
 c - a +0 kite shield (worn)
Jewellery
 p - a ring of protection from cold (left hand)
 y - an amulet of regeneration (around neck)
Scrolls
 d - a scroll of enchant weapon {unknown}
 e - 6 scrolls of amnesia {unknown}
 g - 7 scrolls of identify {unknown}
 j - 6 scrolls of remove curse {unknown}
 k - a scroll of teleportation {unknown}
 m - 4 scrolls of magic mapping {unknown}
 n - a scroll of immolation {unknown}
 o - 2 scrolls of random uselessness {unknown}
 s - a scroll of blinking {unknown}
 z - a scroll of enchant armour {unknown}
Potions
 f - 3 potions of mutation {unknown}
 h - 3 potions of resistance {unknown}
 i - a potion of magic {unknown}
 l - a potion of lignification {unknown}
 q - a potion of stabbing {unknown}
 r - a potion of berserk rage {unknown}
 t - a potion of flight {unknown}
 u - 2 potions of curing
 w - a potion of cancellation {unknown}
 x - a potion of degeneration {unknown}
 A - a potion of heal wounds


   Skills:
 + Level 7.6(6.9) Fighting
 - Level 7.0(6.2) Axes
 - Level 5.0(4.3) Armour
 - Level 5.0(4.3) Dodging
 - Level 5.0(4.3) Shields


You had 7 spell levels left.
You didn't know any spells.
Your spell library was empty.

Dungeon Overview and Level Annotations

Branches:
Dungeon (6/15)             Temple (1/1) D:4

Altars:
Ashenzari
Cheibriados
Dithmenos
Elyvilon
Fedhas
Gozag
Hepliaklqana
Kikubaaqudgha
Makhleb
Nemelex Xobeh
Okawaru
Qazlal
Ru
Trog
Uskayaw
Vehumet
Wu Jian
Zin
The Shining One

Shops:
D:6 *

Annotations:
D:6 Maggie


Innate Abilities, Weirdness & Mutations

You reflexively headbutt those who attack you in melee.
You have a pair of horns on your head.


Message History

The bullfrog hits you but does no damage.
You block the cyclops's attack. The bullfrog barely misses you.
Okay, then.
Your shield prevents you from hitting the cyclops.
You slash the bullfrog! You block the bullfrog's attack.
The bullfrog hits you but does no damage.
The cyclops hits you!!
Maggie hits you with a +0 scimitar of draining!
* * * LOW HITPOINT WARNING * * *
You feel drained.
* * * LOW HITPOINT WARNING * * *
You hit the cyclops but do no damage. Your headbutt misses the cyclops.
You barely miss the bullfrog. You hit Maggie. The bullfrog misses you.
You furiously retaliate!
You headbutt the bullfrog!
Maggie hits you with a +0 scimitar of draining.
* * * LOW HITPOINT WARNING * * *
You feel drained.
* * * LOW HITPOINT WARNING * * *
The bullfrog hits you.
You die...
Your body crumbles into a pile of gold.

#....## .## ##..###
#.##..## #.# #....#
#..###..## #..# #..#...
#.## ##..###..# #.##...
#. ##...#..# #..##... ..
##.....# #..# #... #.#
##....##..# #... #.
#........##....#
..#######..............#
.......................#
.###..@C###...........
##.F@# #..........
....###......... ......#
#......... ###.>..#
#....##... ##.... ....##
.. ##.......## .
#..###.@# ....


You could see Maggie (mesmerising), a cyclops and a bullfrog.

Vanquished Creatures
  A wyvern (D:4)
  Menkaure (D:6)
  A necrophage (D:5)
  2 ogres
  3 centaurs
  A bullfrog (D:6)
  A hound (D:4)
  Natasha (twice) (D:4)
  An iguana (D:4)
  4 worker ants
  2 hound zombies (D:5)
  8 adders
  4 gnolls (D:3)
  A howler monkey skeleton (D:5)
  A shadow imp (D:6)
  A white imp (D:5)
  An ooze (D:5)
  3 worms
  3 dart slugs
  A leopard gecko (D:5)
  5 orcs
  3 ball pythons
  7 bats
  3 giant cockroaches
  11 hobgoblins
  11 jackals
  3 quokkas
  6 frilled lizards
  A giant cockroach zombie (D:6)
  3 kobolds
  8 rats
103 creatures vanquished.

Vanquished Creatures (others)
  A hobgoblin (D:2)
  A kobold (D:2)
2 creatures vanquished.

Grand Total: 105 creatures vanquished

Notes
Turn   | Place    | Note
-------+----------+-------------------------------------------
     0 | D:1      | om the Minotaur Fighter began the quest for the Orb.
     0 | D:1      | Reached XP level 1. HP: 19/19 MP: 0/0
   158 | D:1      | Reached XP level 2. HP: 27/27 MP: 1/1
   854 | D:2      | Reached XP level 3. HP: 33/33 MP: 2/2
   922 | D:2      | Reached skill level 1 in Dodging
  1803 | D:3      | Found a blossoming altar of Fedhas.
  1805 | D:3      | Reached XP level 4. HP: 40/40 MP: 3/3
  2246 | D:3      | Noticed a centaur
  2255 | D:3      | Killed a centaur
  2255 | D:3      | Reached XP level 5. HP: 37/47 MP: 4/4
  2657 | D:4      | Noticed an ogre
  2664 | D:4      | Killed an ogre
  2664 | D:4      | Reached skill level 5 in Axes
  2664 | D:4      | Reached XP level 6. HP: 35/53 MP: 5/5
  2971 | D:4      | Found a staircase to the Ecumenical Temple.
  2980 | Temple   | Entered the Ecumenical Temple
  3198 | D:4      | Noticed Natasha
  3206 | D:4      | Killed Natasha
  3370 | D:4      | Found a snail-covered altar of Cheibriados.
  3821 | D:4      | Noticed a wyvern
  3836 | D:4      | Killed a wyvern
  3836 | D:4      | Reached skill level 5 in Fighting
  3836 | D:4      | Reached skill level 5 in Armour
  3836 | D:4      | Reached skill level 5 in Shields
  3836 | D:4      | Reached XP level 7. HP: 49/61 MP: 6/6
  4133 | D:4      | Noticed Natasha
  4142 | D:4      | Killed Natasha
  4363 | D:5      | Entered Level 5 of the Dungeon
  5259 | D:5      | Found an opulent altar of Gozag.
  5395 | D:5      | Became a worshipper of Gozag Ym Sagoz the Greedy
  5624 | D:6      | Noticed Menkaure
  5716 | D:6      | Killed Menkaure
  5716 | D:6      | Reached XP level 8. HP: 57/70 MP: 7/7
  5818 | D:6      | Reached skill level 5 in Dodging
  5913 | D:6      | Found an iron altar of Okawaru.
  5938 | D:6      | Found a glowing silver altar of Zin.
  5976 | D:6      | Found Iceoceu's Hallowed Reliquary.
  5977 | D:6      | Noticed an angel
  5983 | D:6      | Bought a potion of heal wounds for 65 gold pieces
  5983 | D:6      | Bought a potion of curing for 39 gold pieces
  6147 | D:6      | Noticed a cyclops
  6155 | D:6      | Noticed Maggie
  6166 | D:6      | Slain by a bullfrog

Illustrated notes

Levels and vault maps discovered:
D:1:      psy_arrival_whirlpool, layout_basic, minmay_cut_off
D:2:      layout_loops_corners, lemuel_old_faithful
D:3:      layout_basic, lemuel_altar_in_water
D:4:      layout_cave_pods, cheibriados_altar_1, minmay_temple_entry_slanted,
          kennysheep_generic_room_3, uniq_natasha
D:5:      layout_layer_cave, nicolae_gozag_cash_rules_everything_around_me
D:6:      layout_layer_cave, nicolae_overflow_hidden_temple, nicolae_good_shop,
          uniq_crazy_yiuf_cottage, uniq_menkaure, uniq_maggie
Temple:   regret_index_temple_sphere_string

Skill      XL: |  1  2  3  4  5  6  7  8 |
---------------+-------------------------+-----
Axes           | 3 4 5 6 7 |  7.0
Dodging        | 1 2 3 4 5 |  5.0
Fighting       | 4 5 6 7 |  7.6
Armour         | 4 5 |  5.0
Shields        | 4 5 |  5.0

Action                   |  1- 3 |  4- 6 |  7- 9 || total
-------------------------+-------+-------+-------++-------
Melee: War axe           |    94 |    74 |   103 ||   271
       Headbutt          |    13 |    12 |    15 ||    40
  Use: Potion            |       |     1 |       ||     1
Armor: Scale mail        |    28 |    28 |    34 ||    90
Dodge: Dodged            |    28 |    34 |    29 ||    91
Block: Kite shield       |    51 |    64 |    53 ||   168

Table legend: (Time is in decaauts)
 A = Elapsed time spent in this place.
 B = Non-inter-level travel time spent in this place.
 C = Inter-level travel time spent in this place.
 D = Time resting spent in this place.
 E = Time spent auto-exploring this place.
 F = Levels seen in this place.
 G = Mean time per level.
                   A        B        C        D        E       F      G
               +--------+--------+--------+--------+--------+-----+--------+
         Total |   6269 |   6008 |    261 |   1347 |   3700 |   7 |  895.6 |
       Dungeon |   6103 |   5855 |    248 |   1347 |   3560 |   6 | 1017.2 |
        Temple |    165 |    152 |     13 |      0 |    140 |   1 |  165.0 |
               +--------+--------+--------+--------+--------+-----+--------+

Top non-repeatable levels by time:
     D:4: 1584 daAuts
     D:2: 1178 daAuts
     D:5: 1134 daAuts
     D:1: 789 daAuts
     D:3: 723 daAuts
     D:6: 693 daAuts
  Temple: 165 daAuts
